 Dungeon Crawl Stone Soup version 0.27-a0-277-g024f7ef292 (webtiles) character file.

Game seed: 1909738904341966463

322 polo the Destroyer (level 6, 33/33 HPs)
             Began as a Tengu Conjurer on Feb 1, 2021.
             Quit the game on level 3 of the Dungeon on Feb 7, 2021.
             The game lasted 00:05:47 (2668 turns).

polo the Destroyer (Tengu Conjurer)                 Turns: 2668, Time: 00:05:48

Health: 33/33      AC:  6    Str:  5 (7)  XL:     6   Next: 47%
Magic:  12/12      EV: 14    Int: 20 (21) God:
Gold:   94         SH:  0    Dex: 11 (12) Spells: 2/12 levels left

rFire    . . .     SeeInvis .   e - +2 short sword (protect)
rCold    . . .     Faith    .   (no shield)
rNeg     + . .     Spirit   .   a - +0 robe
rPois    .         Reflect  .   (helmet restricted)
rElec    .         Harm     .   (no cloak)
rCorr    .         Rampage  .   (no gloves)
Will     .....                  (boots unavailable)
Stlth    ++........             (no amulet)
HPRegen  0.11/turn              j - +4 ring of protection
MPRegen  0.13/turn              o - ring of positive energy

@: flying quickly and evasively, quick
A: beak, talons 3, able to fly
a: Stop Flying


You were on level 3 of the Dungeon.
You visited 1 branch of the dungeon, and saw 3 of its levels.
You also visited: Sewer.

You collected 94 gold pieces.

Inventory:

Hand Weapons
 e - a +2 short sword of protection (weapon)
Armour
 a - a +0 robe (worn)
Jewellery
 d - an uncursed ring of flight
 j - a +4 ring of protection (left hand)
 o - a ring of positive energy (right hand)
Wands
 r - a wand of mindburst (7)
Scrolls
 f - 3 scrolls of remove curse {unknown}
 g - 2 scrolls of teleportation {unknown}
 h - a scroll of amnesia {unknown}
 i - a scroll of random uselessness {unknown}
 l - a scroll of fear {unknown}
 p - 2 scrolls of blinking {unknown}
 q - a scroll of identify {unknown}
Potions
 b - 2 potions of heal wounds {unknown}
 c - a potion of resistance {unknown}
 k - a potion of cancellation {unknown}
 m - a potion of flight {unknown}
 n - a potion of haste {unknown}


   Skills:
 + Level 0.5 Fighting
 - Level 2.1 Dodging
 - Level 2.0 Stealth
 * Level 3.7 Spellcasting
 * Level 8.4 Conjurations
 * Level 0.8 Hexes


You had 2 spell levels left.
You knew the following spells:

 Your Spells              Type           Power        Failure   Level
a - Magic Dart            Conj           100%         1%          1
b - Searing Ray           Conj           74%          1%          2
c - Dazzling Flash        Conj/Hex       44%          6%          3
d - Fulminant Prism       Conj/Hex       11%          19%         4

Your spell library contained the following spells:

 Spells                   Type           Power        Failure   Level
 Iskenderun's Mystic Bla  Conj/Tloc      20%          24%         4


Dungeon Overview and Level Annotations

Branches:
Dungeon (3/15)              Sewer (visited)

Altars:
Nemelex Xobeh


Innate Abilities, Weirdness & Mutations

You have a beak for a mouth.
You have claws for feet.
You can fly continuously.


Message History

You are too injured to fight recklessly!
You hit the worm.
The worm is heavily wounded.
You hit the worm. You claw the worm, but do no damage.
The worm is severely wounded.
The worm barely misses you.
You hit the worm. Your kick misses the worm.
The worm is almost dead.
The worm barely misses you.
You hit the worm.
You kill the worm!
You see here a worm corpse.
HP restored.
Found a morningstar.
A jackal comes into view.
It was a potion of degeneration.
There was something very wrong with that liquid.
You feel weakened.
You feel dopey.
You feel clumsy.
Unknown command.
Are you sure you want to abandon this character and quit the game? (Confirm with "yes".)

#.....##.#
########.#
#.# #.# #.#
#.#####
#.#... #
##.#.##...h
#..@....#
#....####
.)........
####...#####
##.## #.#
#.# #+#


You could see a jackal (asleep).

Vanquished Creatures
  A bullfrog (Sewer)
  A worker ant (D:3)
  3 gnolls (D:2)
  A river rat (D:3)
  5 adders
  11 oozes
  A worm (D:3)
  A dart slug (D:1)
  11 leopard geckos (Sewer)
  16 giant cockroaches
  8 goblins
  3 hobgoblins
  7 ball pythons
  5 bats
  9 frilled lizards (Sewer)
  6 kobolds
  9 rats
98 creatures vanquished.

Notes
Turn   | Place    | Note
-------+----------+-------------------------------------------
     0 | D:1      | polo the Tengu Conjurer began the quest for the Orb.
     0 | D:1      | Reached XP level 1. HP: 10/10 MP: 4/4
    70 | D:1      | Upgraded the game from 0.27-a0-223-ge082b6e869 to
                  | 0.27-a0-277-g024f7ef292
   176 | D:1      | Reached XP level 2. HP: 15/15 MP: 0/6
   511 | D:1      | Reached skill level 6 in Conjurations
   638 | D:1      | Reached XP level 3. HP: 19/19 MP: 5/7
   931 | D:2      | Learned a level 2 spell: Searing Ray
  1017 | D:2      | Found a sparkling altar of Nemelex Xobeh.
  1332 | D:2      | Reached XP level 4. HP: 24/24 MP: 6/9
  1577 | D:3      | Reached skill level 7 in Conjurations
  1748 | D:3      | Gained mutation: You can fly continuously. [Tengu growth]
  1748 | D:3      | Reached XP level 5. HP: 23/28 MP: 7/10
  1771 | D:3      | Found a glowing drain.
  1835 | Sewer    | Entered a sewer
  2088 | Sewer    | Reached skill level 8 in Conjurations
  2242 | Sewer    | Reached XP level 6. HP: 32/32 MP: 8/12
  2251 | Sewer    | Learned a level 3 spell: Dazzling Flash
  2256 | Sewer    | Learned a level 4 spell: Fulminant Prism
  2668 | D:3      | Quit the game

Illustrated notes

Levels and vault maps discovered:
D:1:      minmay_arrival_split_and_join, layout_rooms, kennysheep_nondescript
D:2:      layout_rooms, marbit_many_paths
D:3:      layout_loops_corners, portal_sewer_entry_e

Skill      XL: |  1  2  3  4  5 |
---------------+----------------+-----
Conjurations   | 6 7 8 |  8.4
Spellcasting   | 3 |  3.7
Fighting       | |  0.5
Dodging        | |  2.1
Stealth        | |  2.0
Hexes          | |  0.8

Action                   |  1- 3 |  4- 6 || total
-------------------------+-------+-------++-------
Melee: Short sword       |     5 |    82 ||    87
       Kick              |     1 |    20 ||    21
       Peck              |       |    17 ||    17
 Cast: Magic Dart        |    53 |    19 ||    72
       Searing Ray       |     1 |    13 ||    14
 Abil: Fly               |       |     1 ||     1
  Use: Potion            |       |     1 ||     1
 Stab: Sleeping          |       |     1 ||     1
Armor: Robe              |       |    28 ||    28
Dodge: Dodged            |     3 |    58 ||    61

Table legend: (Time is in decaauts)
 A = Elapsed time spent in this place.
 B = Non-inter-level travel time spent in this place.
 C = Inter-level travel time spent in this place.
 D = Time resting spent in this place.
 E = Time spent auto-exploring this place.
 F = Levels seen in this place.
 G = Mean time per level.
                   A        B        C        D        E       F      G
               +--------+--------+--------+--------+--------+-----+--------+
         Total |   2660 |   2624 |     36 |     92 |   1971 |   4 |  665.0 |
       Dungeon |   2053 |   2017 |     36 |     92 |   1616 |   3 |  684.3 |
         Sewer |    606 |    606 |      0 |      0 |    355 |   1 |  606.0 |
               +--------+--------+--------+--------+--------+-----+--------+

Top non-repeatable levels by time:
     D:1: 815 daAuts
     D:2: 747 daAuts
   Sewer: 606 daAuts
     D:3: 490 daAuts
